 Dungeon Sprint DCSS version 0.28.0-53-g5a82cb258f (webtiles) character file.

Game seed: 13122268934239719217

1914 Zeld the Warrior (level 8, -3/91 HPs)
             Began as a Minotaur Berserker on June 5, 2022.
             Was the Champion of Trog.
             Slain by a boulder beetle (35 damage)
             ... in the Dungeon (Sprint VII: "The Pits").
             The game lasted 00:02:14 (2039 turns).

Zeld the Warrior (Minotaur Berserker)               Turns: 2039, Time: 00:02:14

Health: -3/91      AC: 15    Str: 24    XL:     8   Next: 95%
Magic:  7/7        EV: 11    Int:  4    God:    Trog [******]
Gold:   0          SH:  0    Dex: 10    Spells: 7/7 levels left

rFire   . . .      SeeInvis .   a - +3 battleaxe (vorpal)
rCold   . . .      Faith    .   (shield currently unavailable)
rNeg    . . .      Spirit   .   b - +4 chain mail
rPois   .          Reflect  .   (helmet restricted)
rElec   .          Harm     .   o - +0 cloak
rCorr   .          Rampage  .   q - +0 pair of gloves
Will    .....      NoTele   +   (no boots)
Stlth   ..........              (no amulet)
HPRegen 0.25/turn               (no ring)
MPRegen 0.10/turn               (no ring)

@: no status effects
A: horns 2, retaliatory headbutt
a: Renounce Religion, Berserk, Trog's Hand, Brothers in Arms


You were in the Dungeon.
You worshipped Trog.
Trog was exalted by your worship.
You visited 1 branch

Inventory:

Hand Weapons
 a - a +3 vorpal battleaxe (weapon)
Armour
 b - a +4 chain mail (worn)
 o - a +0 cloak (worn)
 q - a +0 pair of gloves (worn)
Wands
 k - a wand of iceblast (7)
Scrolls
 h - a scroll of blinking
 j - a scroll of summoning
Potions
 c - 8 potions of curing
 d - 10 potions of heal wounds
 e - a potion of haste
 f - 4 potions of magic
 g - 3 potions of berserk rage
 i - 2 potions of invisibility
 m - a potion of might


   Skills:
 * Level 15.4 Fighting
 * Level 15.4 Axes
 - Level 2.4 Armour
 + Level 10.2 Dodging


You had 7 spell levels left.
You didn't know any spells.
Your spell library was empty.

Dungeon Overview and Level Annotations

Branches:
Dungeon (1/1)

Altars:
Ashenzari
Cheibriados
Dithmenos
Elyvilon
Fedhas
Gozag
Hepliaklqana
Kikubaaqudgha
Makhleb
Nemelex Xobeh
Okawaru
Qazlal
Ru
Sif Muna
Trog
Uskayaw
Vehumet
Wu Jian
Xom
Yredelemnul
Zin
The Shining One
Beogh
Jiyva
Lugonu


Innate Abilities, Weirdness & Mutations

You have a pair of horns on your head.
You reflexively headbutt those who attack you in melee.


Message History

The phantom is heavily damaged.
The phantom closely misses you.
You closely miss the phantom. You headbutt the phantom.
The phantom is severely damaged.
The phantom completely misses you.
You hit the phantom.
The phantom is almost destroyed.
The phantom hits you but does no damage.
The boulder beetle stops rolling and uncurls.
You closely miss the phantom.
The phantom is almost destroyed.
The phantom hits you but does no damage.
The boulder beetle leaps!
You hit the phantom.
You destroy the phantom!
Trog accepts your kill.
The boulder beetle leaps!
You closely miss the two-headed ogre.
The boulder beetle curls into a ball and begins rolling!
You slash the two-headed ogre!
The two-headed ogre is lightly wounded.
The two-headed ogre hits you with a +0 giant club! x2
You slash the two-headed ogre!
The two-headed ogre is heavily wounded.
The two-headed ogre hits you with a +0 giant club!
The two-headed ogre hits you with a +0 giant club!!
You are too injured to fight recklessly!
You slice the two-headed ogre!!
You kill the two-headed ogre!
Trog accepts your kill.
Your Fighting skill increases to level 15!
Your Axes skill increases to level 15!
Your Dodging skill increases to level 10!
You are too injured to fight recklessly!
You are too injured to fight recklessly!
You are too injured to fight recklessly!
You slash the boulder beetle!
The boulder beetle is heavily wounded.
The boulder beetle hits you!!
You die...

..#####'#####''#####
'###.......##''#
..##.......##..#
..##.......##..# #
####...<...##..# .##
[.##.......##..# ...#
[.##.......##..## .....
####.......##...##......
##########...@B°.....
############...##......
#....#..[=##..## .....
+#....#.!.[##..# ...#
.'....'..))##..# .##
'#....#..))##..# #
)#....#!.))##..#
################


You could see a boulder beetle (rolling).

Vanquished Creatures
  A two-headed ogre (D)
  2 redbacks (D)
  A neqoxec (D)
  A small abomination (D)
  A necrophage (D)
  2 centaurs (D)
  2 phantoms (D)
  3 scorpions (D)
  5 wights (D)
  Ijyb (D)
  A gnoll (D)
  2 river rats (D)
  An orc (D)
  A bat skeleton (D)
  An endoplasm (D)
  A goblin (D)
  A ball python (D)
  2 bats (D)
  A frilled lizard (D)
  2 rats (D)
32 creatures vanquished.

Notes
Turn   | Place    | Note
-------+----------+-------------------------------------------
     0 | D        | Zeld the Minotaur Berserker began the quest for the Orb.
     0 | D        | Reached XP level 1. HP: 19/19 MP: 0/0
    28 | D        | Found a bloodstained altar of Trog.
    28 | D        | Found a shimmering blue altar of Sif Muna.
    28 | D        | Found a viscous altar of Jiyva.
    28 | D        | Found a hazy altar of Hepliaklqana.
    28 | D        | Found an opulent altar of Gozag.
    87 | D        | Found a glowing golden altar of the Shining One.
    87 | D        | Found a glowing silver altar of Zin.
    87 | D        | Found a basalt altar of Yredelemnul.
    87 | D        | Found a shimmering altar of Xom.
    87 | D        | Found an ornate altar of the Wu Jian Council.
    87 | D        | Found a sacrificial altar of Ru.
    87 | D        | Found a stormy altar of Qazlal.
    87 | D        | Found an iron altar of Okawaru.
    87 | D        | Found a sparkling altar of Nemelex Xobeh.
    87 | D        | Found a burning altar of Makhleb.
    87 | D        | Found a blossoming altar of Fedhas.
    87 | D        | Found a white marble altar of Elyvilon.
    87 | D        | Found a shadowy altar of Dithmenos.
    87 | D        | Found a snail-covered altar of Cheibriados.
    88 | D        | Found a radiant altar of Vehumet.
    88 | D        | Found a corrupted altar of Lugonu.
    89 | D        | Found an ancient bone altar of Kikubaaqudgha.
    89 | D        | Found a hide-covered altar of Uskayaw.
    89 | D        | Found a broken altar of Ashenzari.
   288 | D        | Noticed a scorpion
   295 | D        | Killed a scorpion
   296 | D        | Reached XP level 2. HP: 15/31 MP: 1/1
   296 | D        | Reached XP level 3. HP: 19/38 MP: 2/2
   495 | D        | Noticed a scorpion
   504 | D        | Killed a scorpion
   504 | D        | Reached ** piety under Trog
   505 | D        | Reached skill level 5 in Dodging
   505 | D        | Reached XP level 4. HP: 14/48 MP: 3/3
   958 | D        | Reached *** piety under Trog
   960 | D        | Reached XP level 5. HP: 55/56 MP: 4/4
  1007 | D        | Noticed a centaur
  1007 | D        | Noticed Ijyb
  1020 | D        | Reached **** piety under Trog
  1028 | D        | Reached skill level 10 in Fighting
  1028 | D        | Reached skill level 10 in Axes
  1030 | D        | Reached XP level 6. HP: 65/67 MP: 5/5
  1031 | D        | Killed Ijyb
  1035 | D        | Reached ***** piety under Trog
  1192 | D        | Received a gift from Trog
  1225 | D        | Noticed a redback
  1226 | D        | Killed a redback
  1227 | D        | Reached XP level 7. HP: 66/77 MP: 6/6
  1229 | D        | Noticed a neqoxec
  1229 | D        | Noticed a small abomination
  1232 | D        | Killed a small abomination
  1237 | D        | Killed a neqoxec
  1665 | D        | Noticed a redback
  1673 | D        | Killed a redback
  1674 | D        | Reached XP level 8. HP: 22/88 MP: 7/7
  2021 | D        | Noticed a boulder beetle
  2021 | D        | Noticed a two-headed ogre
  2033 | D        | Reached ****** piety under Trog
  2037 | D        | Killed a two-headed ogre
  2038 | D        | Reached skill level 15 in Fighting
  2038 | D        | Reached skill level 15 in Axes
  2038 | D        | Reached skill level 10 in Dodging
  2039 | D        | Slain by a boulder beetle

Illustrated notes

Levels and vault maps discovered:
D:        pitsprint [storerooms_1, entrance_room_1, metal_vault_3, armoury_2,
          mini_pit_1, grid_room_1, main_hall_1, silver_pit, the_coven_1,
          the_vestibule_1, steel_vault_3, golden_pit, hallway_of_sentries,
          crystal_vault_2, iron_vault_2, final_vault]

Skill      XL: |  1  2  3  4  5  6  7  8 |
---------------+-------------------------+-----
Fighting       | 6 8 10 12 13 15 | 15.4
Axes           | 6 8 10 12 13 15 | 15.4
Dodging        | 4 5 6 7 9 10 | 10.2
Armour         | |  2.4

Action                   |  1- 3 |  4- 6 |  7- 9 || total
-------------------------+-------+-------+-------++-------
Melee: Hand axe          |    16 |    35 |       ||    51
       Headbutt          |     1 |     2 |     6 ||     9
       Battleaxe         |       |     1 |    33 ||    34
       Punch             |       |     1 |       ||     1
Invok: Berserk           |     1 |     1 |     1 ||     3
  Use: Potion            |       |       |     2 ||     2
Armor: Animal skin       |     1 |     2 |     1 ||     4
       Chain mail        |       |       |     9 ||     9
Dodge: Dodged            |     8 |    39 |    13 ||    60
